[Event "Titled Tuesday Blitz March 21 Early 2023"]
[White "Palacio,Igor Da Paz"]
[Black "Rottenwohrer Suarez, Juan"]
[WhiteFideId "2121140"]
[BlackFideId "32068182"]
[WhiteElo "2126"]
[BlackElo "2174"]
[Result "1-0"]
[Round "02"]
[TimeControl "180+2"]
[Date "2023.03.21"]
[WhiteClock "0:00:14"]
[BlackClock "0:00:01"]

1. e4 c5 2. Nc3 g6 3. g3 Bg7 4. Bg2 Nc6 5. d3 Nf6 6. f4 O-O 7. Be3 d6 8. h3 Rb8 9. Rb1 Nd7 10. Nf3 b5 11. a3 a5 12. O-O Nd4 13. Ne2 Nxf3+ 14. Rxf3 a4 15. g4 b4 16. Rf1 Ba6 17. f5 Ne5 18. Nf4 b3 19. c4 Bxc4 20. dxc4 Nxc4 21. Bc1 Bd4+ 22. Kh1 Ne3 23. Bxe3 Bxe3 24. Nd5 Bd4 25. Qd3 Be5 26. Nc3 Qa5 27. Qc4 Kg7 28. Rfd1 Bxc3 29. Qxc3+ Qxc3 30. bxc3 Kf6 31. c4 Rfc8 32. Rb2 Rb6 33. Kh2 Kg7 34. Kg3 g5 35. h4 h6 36. Bf3 Kf6 37. Kf2 gxh4 38. Ke3 Kg5 39. Rh1 Rcb8 40. Be2 e6 41. Kf3 exf5 42. gxf5 Re8 43. Rg1+ Kf6 44. Kf4 Rb7 45. Rh1 Rbe7 46. Bf3 Rg8 47. Rbh2 Rb7 48. Rb2 Re7 49. Rxh4 Rg1 50. Rxh6+ Kg7 51. f6+ Kxh6 52. fxe7 Rg8 53. Kf5 Re8 54. Kf6 1-0


[Site "https://www.chess.com"]

[Event "Titled Tuesday Blitz March 21 Early 2023"]
[White "Omariev, Maksim"]
[Black "Tarnowska, Aleksandra"]
[WhiteFideId "4193423"]
[BlackFideId "1180967"]
[WhiteElo "2477"]
[BlackElo "1776"]
[Result "0-1"]
[Round "02"]
[TimeControl "180+2"]
[Date "2023.03.21"]
[WhiteClock "0:00:05"]
[BlackClock "0:00:02"]

1. g4 d5 2. Bg2 e5 3. d4 e4 4. c4 c6 5. h3 f5 6. g5 Bd6 7. cxd5 cxd5 8. Nc3 Ne7 9. h4 O-O 10. Qb3 Bc7 11. Nh3 f4 12. Bxe4 Be6 13. f3 Kh8 14. Bd3 Nbc6 15. Nb5 Bb8 16. Bd2 a6 17. Qa4 Nc8 18. Nf2 Nb6 19. Qb3 axb5 20. Bxb5 Nxd4 21. Qc3 Nxb5 22. Qd3 Nd6 23. O-O Nbc4 24. Bc3 Nf5 25. h5 Qxg5+ 26. Ng4 Ng3 27. Rf2 Bxg4 28. fxg4 Qxg4 29. Rg2 Qxh5 30. Qd4 Qh6 31. Qxd5 Ne5 32. Bxe5 Bxe5 33. Qxe5 Rae8 34. Qc5 Qf6 35. Qc4 Re3 36. Rf1 Rfe8 37. Rff2 Qe5 38. Qc7 Qxc7 39. Rxg3 Qc1+ 40. Kg2 Rxg3+ 41. Kh2 Qg1# 0-1


[Site "https://www.chess.com"]

[Event "Titled Tuesday Blitz March 21 Early 2023"]
[White "ilya2700"]
[Black "Donskov, Anatoly"]
[BlackFideId "24143413"]
[WhiteElo "2133"]
[BlackElo "2247"]
[Result "0-1"]
[Round "02"]
[TimeControl "180+2"]
[Date "2023.03.21"]
[WhiteClock "0:00:01"]
[BlackClock "0:00:20"]

1. d4 d5 2. c4 dxc4 3. Nf3 Nf6 4. e3 e6 5. Bxc4 c5 6. O-O a6 7. a4 cxd4 8. exd4 Nc6 9. Nc3 Be7 10. Bg5 O-O 11. d5 Nxd5 12. Bxd5 Bxg5 13. Bxc6 bxc6 14. Nxg5 Qxg5 15. Qf3 Rb8 16. Ne4 Qe5 17. b3 c5 18. Qe3 Qd5 19. Nxc5 Bb7 20. f3 Rfc8 21. b4 Qc4 22. Nd7 Ra8 23. Nb6 Qxb4 24. Rab1 Qe7 25. Nxa8 Bxa8 26. Rfc1 Rd8 27. Qc5 Qf6 28. Qc3 Qg5 29. Qc5 Bd5 30. Rd1 h5 31. Qc1 Qg6 32. Qc7 Qf6 33. Rb8 Rxb8 34. Qxb8+ Kh7 35. Qb1+ g6 36. a5 Qg5 37. Qd3 h4 38. h3 Qg3 39. Rf1 Qd6 40. Rd1 Qc5+ 41. Qd4 Qxa5 42. Qf6 Qb6+ 0-1


[Site "https://www.chess.com"]

[Event "Titled Tuesday Blitz March 21 Early 2023"]
[White "Khandelwal, Ankush"]
[Black "th3d4rkness"]
[WhiteFideId "413470"]
[WhiteElo "2263"]
[BlackElo "2127"]
[Result "1-0"]
[Round "02"]
[TimeControl "180+2"]
[Date "2023.03.21"]
[WhiteClock "0:00:32"]
[BlackClock "0:00:01"]

1. e4 c5 2. Nf3 Nc6 3. Bb5 g6 4. O-O Bg7 5. c3 e6 6. d4 a6 7. Bxc6 dxc6 8. Bg5 Qc7 9. Qd2 h6 10. Bf4 Qe7 11. Na3 Nf6 12. Rfe1 g5 13. Be5 cxd4 14. cxd4 O-O 15. Nc4 Rd8 16. Nb6 Bd7 17. Nxa8 Rxa8 18. h4 g4 19. Nh2 h5 20. Qg5 c5 21. Rad1 cxd4 22. Bxd4 Bc6 23. b3 Re8 24. Bxf6 Qxf6 25. Qxh5 g3 26. fxg3 Qc3 27. Qf3 Qe5 28. Ng4 Qc5+ 29. Kh2 f5 30. Nf2 fxe4 31. Nxe4 Qf5 32. Qxf5 exf5 33. Ng5 Rxe1 34. Rxe1 Bf6 35. Rf1 Bd7 36. Nh3 Kg7 37. Nf4 Kf7 38. Nd5 Be5 39. Ne3 Kg6 40. h5+ Kxh5 41. Nxf5 Kg6 42. Ne7+ Kg7 43. Rd1 Bg4 44. Rd5 Bf6 45. Nf5+ Kg6 46. Nd6 Be6 47. Rd1 b6 48. Nc4 b5 49. Nb6 Be5 50. Nd7 Bc7 51. Nc5 Bg4 52. Rd4 Bf5 53. Nxa6 Bb6 54. Rd6+ Kg5 55. Rxb6 1-0


[Site "https://www.chess.com"]

[Event "Titled Tuesday Blitz March 21 Early 2023"]
[White "Michalski, Olaf"]
[Black "Aarav Dengla"]
[WhiteFideId "1106740"]
[BlackFideId "45059756"]
[WhiteElo "2173"]
[BlackElo "2285"]
[Result "0-1"]
[Round "02"]
[TimeControl "180+2"]
[Date "2023.03.21"]
[WhiteClock "0:00:03"]
[BlackClock "0:01:08"]

1. d4 d5 2. c4 e6 3. Nc3 a6 4. e4 dxe4 5. Nxe4 Bb4+ 6. Nc3 c5 7. Nf3 Ne7 8. Be3 Nf5 9. a3 Ba5 10. d5 Nxe3 11. fxe3 exd5 12. cxd5 O-O 13. Bd3 Re8 14. e4 c4 15. Bc2 Qb6 16. Rb1 Qe3+ 17. Qe2 Bxc3+ 18. bxc3 Qxc3+ 19. Nd2 Nd7 20. O-O Ne5 0-1


[Site "https://www.chess.com"]

[Event "Titled Tuesday Blitz March 21 Early 2023"]
[White "Tymrakiewicz, Rafal"]
[Black "Jaivardhan Raj"]
[WhiteFideId "1108832"]
[BlackFideId "25744437"]
[WhiteElo "2151"]
[BlackElo "1772"]
[Result "0-1"]
[Round "02"]
[TimeControl "180+2"]
[Date "2023.03.21"]
[WhiteClock "0:00:08"]
[BlackClock "0:00:20"]

1. d4 Nf6 2. Bg5 h6 3. Bh4 b6 4. Nd2 Bb7 5. e3 e6 6. Ngf3 Be7 7. Bd3 O-O 8. O-O d6 9. e4 Nbd7 10. Re1 c5 11. c3 cxd4 12. cxd4 e5 13. d5 Nc5 14. Bc2 Bc8 15. b4 Nb7 16. Rc1 Bg4 17. h3 Bxf3 18. Qxf3 Nh7 19. Bxe7 Qxe7 20. Nc4 Rac8 21. Ne3 Qf6 22. Qe2 Rc7 23. Ba4 Rfc8 24. Bc6 Nd8 25. b5 Ng5 26. f3 Qg6 27. Nf5 Nxh3+ 28. Kf1 Nf4 29. Qd2 Qh5 30. Kf2 Qh2 31. Ne3 Qh4+ 32. Kg1 Qg3 33. Kh1 Qh4+ 34. Kg1 Qg3 35. Rf1 Nh3+ 36. Kh1 Nf4 37. Qe1 Qg5 38. g3 Nd3 39. Qf2 Nxf2+ 40. Rxf2 Qxe3 41. Rfc2 Qxf3+ 42. Kh2 Nxc6 43. bxc6 Qxe4 44. Rf2 Qxd5 45. Rcf1 Rxc6 0-1


[Site "https://www.chess.com"]

[Event "Titled Tuesday Blitz March 21 Early 2023"]
[White "Gonzalez, Francisco Silva"]
[Black "Aung Thant Zin"]
[WhiteFideId "1512285"]
[BlackFideId "13000063"]
[WhiteElo "2074"]
[BlackElo "2278"]
[Result "1-0"]
[Round "02"]
[TimeControl "180+2"]
[Date "2023.03.21"]
[WhiteClock "0:00:46"]
[BlackClock "0:00:01"]

1. d4 Nf6 2. c4 e6 3. Nc3 Bb4 4. a3 Bxc3+ 5. bxc3 O-O 6. e3 c5 7. Bd3 Qa5 8. Bd2 d6 9. e4 e5 10. Nf3 Nc6 11. h3 cxd4 12. cxd4 Qb6 13. d5 Nd4 14. O-O h6 15. Rb1 Qc5 16. Bb4 Nxf3+ 17. Qxf3 Qc7 18. Bd2 Nd7 19. Qg3 Kh8 20. f4 exf4 21. Bxf4 Ne5 22. Bxe5 dxe5 23. Qe3 b6 24. c5 bxc5 25. Rbc1 Qa5 26. Qxc5 Qd8 27. Qc7 Qg5 28. Kh2 Bxh3 29. Kxh3 Rac8 30. Qd6 Qe3+ 31. g3 Qxd3 32. Rxf7 Rxf7 33. Rxc8+ Kh7 34. Rc1 Qxe4 35. Qe6 Qf3 36. Rc4 1-0


[Site "https://www.chess.com"]

[Event "Titled Tuesday Blitz March 21 Early 2023"]
[White "Baches Garcia, Guillermo"]
[Black "dorpato"]
[WhiteFideId "2209764"]
[WhiteElo "2461"]
[BlackElo "2004"]
[Result "1-0"]
[Round "02"]
[TimeControl "180+2"]
[Date "2023.03.21"]
[WhiteClock "0:02:01"]
[BlackClock "0:00:28"]

1. Nc3 Nf6 2. d4 g6 3. Bf4 Bg7 4. e3 d6 5. h4 h5 6. Qd2 Nbd7 7. Nf3 b6 8. a4 a5 9. Bc4 O-O 10. Ng5 e6 11. Bxe6 fxe6 12. Nxe6 Qe7 13. Nxc7 Ra7 14. N7b5 Rb7 15. Bxd6 Qe6 16. Bxf8 Kxf8 17. O-O-O Ne4 18. Nxe4 Qxe4 19. Nd6 1-0


[Site "https://www.chess.com"]

[Event "Titled Tuesday Blitz March 21 Early 2023"]
[White "Vargas Pereda, Jesus Manue"]
[Black "Sreyas Payyappat"]
[WhiteFideId "5115710"]
[BlackFideId "46674969"]
[WhiteElo "1914"]
[BlackElo "2083"]
[Result "0-1"]
[Round "02"]
[TimeControl "180+2"]
[Date "2023.03.21"]
[WhiteClock "0:00:36"]
[BlackClock "0:01:50"]

1. d4 Nf6 2. Bf4 c5 3. e3 e6 4. Nd2 Nc6 5. Bd3 d5 6. Ngf3 c4 7. Be2 Bd6 8. Bg3 O-O 9. c3 Rb8 10. a4 a6 11. O-O b5 12. axb5 axb5 13. Ne5 Bxe5 14. dxe5 Nd7 15. f4 b4 16. Nf3 bxc3 17. bxc3 Nc5 18. Bh4 Qb6 19. Nd4 Ne4 20. Qc2 Nxd4 21. exd4 Qb2 22. Qxb2 Rxb2 23. Bf3 Nxc3 24. Rfc1 Nb5 0-1


[Site "https://www.chess.com"]

[Event "Titled Tuesday Blitz March 21 Early 2023"]
[White "Lwanga, Aguda"]
[Black "Escanor89"]
[WhiteFideId "10801529"]
[WhiteElo "1475"]
[BlackElo "2456"]
[Result "1-0"]
[Round "02"]
[TimeControl "180+2"]
[Date "2023.03.21"]
[WhiteClock "0:00:19"]
[BlackClock "0:00:01"]

1. e4 c5 2. Nf3 e6 3. d4 cxd4 4. Nxd4 Nf6 5. Nc3 Nc6 6. Be2 Bb4 7. O-O Bxc3 8. Nxc6 bxc6 9. bxc3 Nxe4 10. Qd4 d5 11. Qxg7 Qf6 12. Qxf6 Nxf6 13. Bf4 a5 14. Rab1 Nd7 15. Rb2 e5 16. Be3 Ke7 17. Rfb1 Ba6 18. Bxa6 Rxa6 19. g3 f6 20. f4 h5 21. Kf2 a4 22. a3 Kd6 23. Rb7 Rg8 24. Ke2 h4 25. Rg1 Raa8 26. fxe5+ fxe5 27. g4 Nf6 28. g5 Ne4 29. g6 Nxc3+ 30. Kd3 d4 31. Bg5 Nd5 32. g7 Rae8 33. Bxh4 Re6 34. Bg3 Nc7 35. h4 Na6 36. Ra7 Nc5+ 37. Kd2 Nd7 38. h5 Rh6 39. Rxa4 Rxh5 40. Rxd4+ Kc7 41. Rg4 Nf6 42. Rg6 Ne4+ 43. Kd3 Nc5+ 44. Kc4 Ne4 45. Be1 Kd7 46. Bb4 Rh7 47. Bf8 1-0


[Site "https://www.chess.com"]

[Event "Titled Tuesday Blitz March 21 Early 2023"]
[White "Vogel, Roven"]
[Black "Carlsen, Magnus"]
[WhiteFideId "12908088"]
[BlackFideId "1503014"]
[WhiteElo "2518"]
[BlackElo "2852"]
[Result "1/2-1/2"]
[Round "03"]
[TimeControl "180+2"]
[Date "2023.03.21"]
[WhiteClock "0:00:03"]
[BlackClock "0:00:08"]

1. d4 Nf6 2. c4 g6 3. Nc3 Bg7 4. e4 d6 5. Nf3 O-O 6. Be2 c6 7. O-O e5 8. d5 Na6 9. Be3 Ng4 10. Bg5 f6 11. Bh4 c5 12. Ne1 Nh6 13. Nd3 g5 14. Bg3 f5 15. exf5 Bxf5 16. Bf3 Nc7 17. Be4 b5 18. cxb5 Bxe4 19. Nxe4 Nxb5 20. Qc1 g4 21. b4 cxb4 22. Nxb4 Nd4 23. Qd1 Rc8 24. Nc6 Nxc6 25. dxc6 d5 26. Qb3 Nf5 27. Nc3 Rxc6 28. Nxd5 Kh8 29. Ne3 Nd4 30. Qa4 h5 31. Nc4 Qd5 32. Ne3 Qe4 33. Qxa7 Rc3 34. Rae1 Ra8 35. Qf7 Qh7 36. Nd5 Rc5 37. Nf6 Qh6 38. Nxh5 Nc6 39. Nxg7 Qxg7 40. Qxg7+ Kxg7 41. Rc1 Rxc1 42. Rxc1 Ra6 43. f3 gxf3 44. gxf3 Kf6 45. Rc2 Nd4 46. Rf2 Ra3 47. Kg2 Kf5 48. h4 Ra8 49. Rd2 Ra3 50. Rf2 Ra8 51. Bh2 Rg8+ 52. Kh3 Ra8 53. Bg3 Ra3 54. h5 Nxf3 55. h6 Kg6 56. Kg4 e4 57. Kf4 Ng5 58. Rc2 Ne6+ 59. Ke5 Rxg3 60. Kxe6 Kxh6 61. Re2 e3 62. Kf5 Rg5+ 63. Kf4 Ra5 64. Kxe3 Kg6 65. Rf2 Ra4 66. Kd3 Kg5 67. Kc3 Ra8 68. Kb3 Rb8+ 69. Kc2 Ra8 70. Kb2 Rb8+ 71. Ka1 Ra8 72. Rf3 Kg4 73. Rf1 Kg5 74. Rf2 Kg4 75. Rf1 Kg5 76. Rf3 Kg4 77. Rd3 Kf4 78. Kb2 Ke4 79. Rb3 Kd5 80. Rc3 1/2-1/2


[Site "https://www.chess.com"]

[Event "Titled Tuesday Blitz March 21 Early 2023"]
[White "Naroditsky, Daniel"]
[Black "Vasquez Schroeder, Rodrigo"]
[WhiteFideId "2026961"]
[BlackFideId "3400042"]
[WhiteElo "2633"]
[BlackElo "2600"]
[Result "0-1"]
[Round "03"]
[TimeControl "180+2"]
[Date "2023.03.21"]
[WhiteClock "0:00:10"]
[BlackClock "0:00:09"]

1. d4 d5 2. Nc3 c6 3. Bf4 Bf5 4. e3 e6 5. g4 Bg6 6. h4 h5 7. g5 Qb6 8. Rb1 Nd7 9. Nf3 Bb4 10. Bd3 Ne7 11. a3 Bxc3+ 12. bxc3 Qa5 13. Rxb7 Qxc3+ 14. Kf1 Qxa3 15. Kg2 Bxd3 16. cxd3 Qa6 17. Qb3 c5 18. Ne5 Nxe5 19. Bxe5 c4 20. Qb1 Rg8 21. Rc1 Rc8 22. dxc4 dxc4 23. e4 f6 24. Bg3 fxg5 25. Qb4 Nc6 26. Qd6 Qxb7 27. Qxe6+ Ne7 28. Bd6 Qd7 29. Qe5 gxh4 30. d5 Kf7 31. Rc3 Rgf8 32. Qxh5+ Kg8 33. Be5 Nxd5 34. exd5 Qxd5+ 35. Kg1 Rc5 36. Re3 c3 37. Qg6 Qf7 38. Qc2 h3 39. Bg3 Qf5 40. Qb3+ Qd5 41. Qc2 Rd8 42. Re4 Qd1+ 43. Qxd1 Rxd1+ 0-1


[Site "https://www.chess.com"]

[Event "Titled Tuesday Blitz March 21 Early 2023"]
[White "Kravtsiv, Martyn"]
[Black "Andreikin, Dmitry"]
[WhiteFideId "14113147"]
[BlackFideId "4158814"]
[WhiteElo "2695"]
[BlackElo "2736"]
[Result "0-1"]
[Round "03"]
[TimeControl "180+2"]
[Date "2023.03.21"]
[WhiteClock "0:00:13"]
[BlackClock "0:00:42"]

1. e4 e5 2. Nf3 Nc6 3. Nc3 Nf6 4. a4 Bc5 5. Nxe5 O-O 6. Nxc6 dxc6 7. f3 Nh5 8. g3 f5 9. Qe2 Kh8 10. Bg2 f4 11. g4 Bxg4 12. fxg4 Qh4+ 13. Kd1 f3 14. Bxf3 Nf4 15. Qc4 Nh3 16. Qxc5 Rxf3 17. d3 Qxg4 18. Ne2 Nf2+ 19. Ke1 Nxh1 20. Bf4 Rxf4 21. Nxf4 Qxf4 22. Ke2 Qxh2+ 23. Kd1 Nf2+ 24. Kc1 Qg1+ 0-1


[Site "https://www.chess.com"]

[Event "Titled Tuesday Blitz March 21 Early 2023"]
[White "Dubov, Daniil"]
[Black "Rustemov, Alexander"]
[WhiteFideId "24126055"]
[BlackFideId "4119002"]
[WhiteElo "2802"]
[BlackElo "2867"]
[Result "1-0"]
[Round "03"]
[TimeControl "180+2"]
[Date "2023.03.21"]
[WhiteClock "0:00:04"]
[BlackClock "0:00:01"]

1. d4 d5 2. c4 dxc4 3. e4 Nf6 4. e5 Nd5 5. Bxc4 Nb6 6. Bb5+ c6 7. Bd3 Qxd4 8. Nf3 Qd8 9. O-O Bg4 10. h3 Bxf3 11. Qxf3 e6 12. Nc3 N8d7 13. Bf4 Be7 14. Qg3 g6 15. Rfd1 Nd5 16. Nxd5 exd5 17. e6 Nf6 18. exf7+ Kxf7 19. Be5 Re8 20. Re1 Nh5 21. Qf3+ Bf6 22. g4 Kg7 23. Bh2 Bxb2 24. Rxe8 Qxe8 25. Rb1 b6 26. Rxb2 Qe1+ 27. Bf1 Rf8 28. Qa3 Nf4 29. Bxf4 Rxf4 30. Qxa7+ Rf7 31. Qxb6 Qc3 32. Qb3 Qf6 33. Rc2 g5 34. Qc3 Rc7 35. Qc5 Qf8 36. Qb6 Qe7 37. Rxc6 Rd7 38. Qd4+ Kf7 39. a4 1-0


[Site "https://www.chess.com"]

[Event "Titled Tuesday Blitz March 21 Early 2023"]
[White "Duda, Jan-Krzysztof"]
[Black "Moussard, Jules"]
[WhiteFideId "1170546"]
[BlackFideId "642908"]
[WhiteElo "2790"]
[BlackElo "2610"]
[Result "1/2-1/2"]
[Round "03"]
[TimeControl "180+2"]
[Date "2023.03.21"]
[WhiteClock "0:00:06"]
[BlackClock "0:00:02"]

1. e4 c5 2. Nf3 d6 3. Bc4 Nf6 4. d3 g6 5. c3 Bg7 6. Bb3 O-O 7. O-O Nc6 8. Re1 e5 9. h3 h6 10. Be3 b6 11. Nbd2 d5 12. Nf1 Be6 13. Ng3 Re8 14. Ba4 Bd7 15. a3 Qc7 16. b4 d4 17. cxd4 cxd4 18. Bd2 Rac8 19. Rc1 Qd8 20. Qb3 Bf8 21. Rc2 Nb8 22. Rxc8 Qxc8 23. Rc1 Qa6 24. Bxd7 Nbxd7 25. Rc6 Qb7 26. b5 Nc5 27. Qc4 Bg7 28. Bxh6 Bxh6 29. Rxf6 Kg7 30. Rc6 Qe7 31. a4 Bf4 32. Ne2 Bh6 33. a5 Rb8 34. h4 Nd7 35. a6 Nc5 36. g3 Rd8 37. Kg2 Rd6 38. Rxd6 Qxd6 39. Neg1 f6 40. Nh2 Qe6 41. Qxe6 Nxe6 42. Ngf3 Nc5 43. Ne1 Bd2 44. Nhf3 Bc3 45. Kf1 Na4 46. Nc2 Ba5 47. Na3 Nc3 48. Nc4 Nxb5 49. g4 Bb4 50. h5 Be7 51. Nh4 gxh5 52. Nf5+ Kf7 53. gxh5 Bf8 54. h6 Kg6 55. Ke2 Nc7 56. Kd2 b5 57. Na5 Nxa6 58. Kc2 Nb4+ 59. Kd2 a6 60. Ke2 Na2 61. Nc6 Nc3+ 62. Kd2 b4 63. Kc2 Ne2 64. Kb3 Nf4 65. Kc4 b3 66. Kxb3 Nxd3 67. f3 Ne1 68. f4 exf4 69. Ncxd4 f3 70. Nh4+ Kxh6 71. Nhxf3 Nxf3 72. Nxf3 Kh5 73. e5 f5 74. Nd4 Kg6 75. Nxf5 Kxf5 76. Ka4 Kxe5 77. Ka5 Kd5 78. Kxa6 1/2-1/2


[Site "https://www.chess.com"]

[Event "Titled Tuesday Blitz March 21 Early 2023"]
[White "Ahmadzada, Ahmad"]
[Black "Fedoseev, Vladimir"]
[WhiteFideId "13413007"]
[BlackFideId "24130737"]
[WhiteElo "2388"]
[BlackElo "2752"]
[Result "1/2-1/2"]
[Round "03"]
[TimeControl "180+2"]
[Date "2023.03.21"]
[WhiteClock "0:00:06"]
[BlackClock "0:00:10"]

1. e4 c6 2. Nf3 d5 3. d3 e6 4. Nbd2 c5 5. g3 Nc6 6. Bg2 Nf6 7. O-O Be7 8. Re1 O-O 9. exd5 exd5 10. d4 c4 11. c3 Bd6 12. Ne5 Ne7 13. b3 cxb3 14. axb3 Be6 15. Ba3 a6 16. Bxd6 Qxd6 17. Nd3 Bg4 18. Qc1 Rac8 19. Nc5 Rc7 20. h3 Bf5 21. Qa3 Rd8 22. Nf1 h6 23. Ne3 Bg6 24. Ng4 Nxg4 25. hxg4 Nc6 26. Re3 a5 27. Qa2 b6 28. Na4 b5 29. Nc5 b4 30. Qd2 bxc3 31. Rxc3 Rdc8 32. Rac1 Nb4 33. Re1 Kh7 34. f4 Be4 35. Nxe4 dxe4 36. Bxe4+ g6 37. Rec1 Rxc3 38. Rxc3 Rd8 39. d5 Re8 40. Bf3 Qb6+ 41. Kg2 Rd8 42. f5 gxf5 43. gxf5 Qf6 44. Rc4 Rd6 45. Rh4 Qe5 46. Rh5 Kg7 47. Rh4 Kf8 48. Rxh6 Ke7 49. Rxd6 Kxd6 50. g4 f6 51. g5 Qxf5 52. gxf6 Qxf6 53. Qe3 Qb2+ 54. Kh3 Qh8+ 55. Kg2 Qg7+ 56. Kf1 Qa1+ 57. Kg2 Qb2+ 58. Kh3 Nxd5 59. Qh6+ Qf6 60. Qxf6+ Nxf6 61. Kg3 Kc5 62. Bd1 Kb4 63. Kf4 Kc3 64. Ke5 Nd7+ 65. Kd6 Nf8 66. Kc5 Kd2 67. Kb5 Kxd1 68. Kxa5 Kc2 69. b4 Kc3 70. b5 Ne6 71. Kb6 Nd4 72. Kc5 Nxb5 1/2-1/2


[Site "https://www.chess.com"]

[Event "Titled Tuesday Blitz March 21 Early 2023"]
[White "Sarana, Alexey"]
[Black "Drygalov, Andrey"]
[WhiteFideId "24133795"]
[BlackFideId "24171735"]
[WhiteElo "2714"]
[BlackElo "2471"]
[Result "0-1"]
[Round "03"]
[TimeControl "180+2"]
[Date "2023.03.21"]
[WhiteClock "0:00:01"]
[BlackClock "0:00:03"]

1. c4 Nf6 2. Nc3 e6 3. e4 c5 4. e5 Ng8 5. Nf3 Nc6 6. d4 cxd4 7. Nxd4 Nxe5 8. Ndb5 a6 9. Nd6+ Bxd6 10. Qxd6 f6 11. Be3 Ne7 12. Bb6 Nf5 13. Qb4 Qe7 14. c5 Nc6 15. Qa3 d5 16. cxd6 Qxd6 17. Qxd6 Nxd6 18. O-O-O Nf5 19. Bc4 O-O 20. Rhe1 h5 21. f4 Kh7 22. Ne4 e5 23. g3 Nfd4 24. Nd6 Bg4 25. Rd3 Nb4 26. Rc3 Nb5 27. fxe5 fxe5 28. Nxb5 axb5 29. Bd3+ Kh8 30. Bb1 Nxa2+ 31. Bxa2 Rxa2 32. Rxe5 b4 33. Rc7 b3 34. Bd4 Rd8 35. Re4 Bf5 36. Rf4 Rd5 37. Kd2 Kh7 38. Rxg7+ Kh6 39. Rxb7 Rxb2+ 40. Ke3 Rxh2 41. Bg7+ Kg6 42. Rfb4 Rd6 43. Be5 Rd3+ 44. Kf4 Rf2# 0-1


[Site "https://www.chess.com"]

[Event "Titled Tuesday Blitz March 21 Early 2023"]
[White "Vakhlamov, Igor L."]
[Black "Bluebaum, Matthias"]
[WhiteFideId "24126748"]
[BlackFideId "24651516"]
[WhiteElo "2400"]
[BlackElo "2638"]
[Result "0-1"]
[Round "03"]
[TimeControl "180+2"]
[Date "2023.03.21"]
[WhiteClock "0:00:36"]
[BlackClock "0:00:54"]

1. e4 e6 2. d4 d5 3. Nc3 Nf6 4. Bd3 c5 5. Nf3 c4 6. e5 cxd3 7. exf6 dxc2 8. Qxc2 gxf6 9. O-O Nc6 10. Re1 Bg7 11. Qd2 O-O 12. Qf4 e5 13. Qh4 e4 14. Bh6 Bxh6 15. Qxh6 exf3 16. Re4 dxe4 17. Nxe4 Bf5 18. Nxf6+ Kh8 19. Re1 Bg6 20. Qh4 Qxd4 21. Ng4 f5 22. Re7 Qd1+ 0-1


[Site "https://www.chess.com"]

[Event "Titled Tuesday Blitz March 21 Early 2023"]
[White "Svane, Rasmus"]
[Black "Gukesh D"]
[WhiteFideId "4657101"]
[BlackFideId "46616543"]
[WhiteElo "2597"]
[BlackElo "2612"]
[Result "1-0"]
[Round "03"]
[TimeControl "180+2"]
[Date "2023.03.21"]
[WhiteClock "0:00:30"]
[BlackClock "0:00:06"]

1. Nf3 d5 2. g3 g6 3. Bg2 Bg7 4. d4 Nf6 5. O-O O-O 6. c4 c6 7. Qb3 dxc4 8. Qxc4 Bf5 9. Nc3 Nbd7 10. Re1 Ne4 11. Qb3 Nb6 12. h3 a5 13. g4 Be6 14. Qc2 Nxc3 15. bxc3 Nc4 16. a4 b5 17. Ng5 Bd7 18. axb5 cxb5 19. Bxa8 Qxa8 20. e4 h6 21. Nf3 f5 22. gxf5 gxf5 23. Nh4 Bf6 24. Nxf5 Bxf5 25. exf5 Qf3 26. Bxh6 Rf7 27. Qe4 Qxh3 28. Qg2+ Qxg2+ 29. Kxg2 Rh7 30. Rh1 Kf7 31. Rab1 Nd6 32. Bf4 Rg7+ 33. Kf3 Nxf5 34. Rxb5 Nh4+ 35. Ke2 Rg4 36. Be3 a4 37. Ra5 Kg6 38. Rxa4 e5 39. Ra6 Nf5 40. dxe5 1-0


[Site "https://www.chess.com"]

[Event "Titled Tuesday Blitz March 21 Early 2023"]
[White "Lazavik, Denis"]
[Black "Ozen, Bahadir"]
[WhiteFideId "13515110"]
[BlackFideId "6337058"]
[WhiteElo "2560"]
[BlackElo "2503"]
[Result "1-0"]
[Round "03"]
[TimeControl "180+2"]
[Date "2023.03.21"]
[WhiteClock "0:02:25"]
[BlackClock "0:00:17"]

1. d4 Nf6 2. c4 e6 3. Nf3 d5 4. g3 Bb4+ 5. Bd2 Be7 6. Bg2 O-O 7. O-O c6 8. Qc2 b6 9. Bf4 Bb7 10. Nbd2 Nbd7 11. e4 dxc4 12. Nxc4 c5 13. Rfe1 Rc8 14. Nd6 Bxd6 15. Bxd6 cxd4 16. Qa4 Re8 17. Qxd4 e5 18. Nxe5 Nxe5 19. Bxe5 Qxd4 20. Bxd4 Nxe4 21. Rac1 Rxc1 22. Rxc1 Bd5 23. Rc7 Bxa2 24. Bxe4 1-0


[Site "https://www.chess.com"]

[Event "Titled Tuesday Blitz March 21 Early 2023"]
[White "Ashraf, Artin"]
[Black "Bortnyk, Olexandr"]
[WhiteFideId "22514805"]
[BlackFideId "14120828"]
[WhiteElo "2188"]
[BlackElo "2734"]
[Result "0-1"]
[Round "03"]
[TimeControl "180+2"]
[Date "2023.03.21"]
[WhiteClock "0:00:09"]
[BlackClock "0:01:29"]

1. Nf3 Nf6 2. g3 b6 3. Bg2 Bb7 4. O-O g6 5. b3 Bg7 6. Bb2 O-O 7. c4 c5 8. d4 cxd4 9. Qxd4 d6 10. Rd1 Nc6 11. Qh4 Qc8 12. Nc3 Qg4 13. Qxg4 Nxg4 14. h3 Nge5 15. Nxe5 Bxe5 16. Rd2 Rfe8 17. Nb5 Bxb2 18. Rxb2 Rec8 19. Nd4 Rab8 20. Rd2 Nxd4 21. Rxd4 Bxg2 22. Kxg2 b5 23. Rc1 Rc6 24. e4 Kf8 25. Kf3 Rbc8 26. Ke3 Ke8 27. Kd3 f6 28. Rd5 a6 29. h4 e6 30. Rd4 Ke7 31. Rc2 h5 32. f3 f5 33. exf5 gxf5 34. g4 e5 35. Rd5 fxg4 36. fxg4 hxg4 37. h5 bxc4+ 38. bxc4 Rh8 39. Rg2 Rxh5 40. Rxg4 Rh3+ 41. Kc2 Ke6 42. Rg6+ Kf5 43. Rgxd6 Rxc4+ 44. Kb2 Rb4+ 45. Kc2 Ra3 46. Rc6 Rxa2+ 47. Kc3 Rb1 48. Rdd6 Rc1+ 0-1


[Site "https://www.chess.com"]

[Event "Titled Tuesday Blitz March 21 Early 2023"]
[White "Ohanyan, Emin"]
[Black "Howell, David W L"]
[WhiteFideId "13312022"]
[BlackFideId "410608"]
[WhiteElo "2402"]
[BlackElo "2567"]
[Result "0-1"]
[Round "03"]
[TimeControl "180+2"]
[Date "2023.03.21"]
[WhiteClock "0:00:05"]
[BlackClock "0:00:12"]

1. e4 e6 2. d4 d5 3. Bd3 dxe4 4. Bxe4 Nf6 5. Bf3 Bd6 6. Ne2 O-O 7. O-O Nbd7 8. Nbc3 c6 9. Bf4 e5 10. Bg3 Re8 11. Re1 Qc7 12. Qd3 Nb6 13. Rad1 Bd7 14. Bh4 exd4 15. Bxf6 Bxh2+ 16. Kh1 dxc3 17. Bd4 Be5 18. Bxb6 Qxb6 19. Qxd7 cxb2 20. Rb1 Qxf2 21. Rf1 Qh4+ 22. Qh3 Qxh3+ 23. gxh3 Rad8 24. Be4 Rd2 25. Bd3 b5 26. Rfd1 Rxd1+ 27. Rxd1 g6 28. Rb1 Bf6 29. Kg2 Re3 30. Kf2 Rxh3 31. Be4 c5 32. c3 Bxc3 33. Bg2 Rd3 34. Nxc3 Rxc3 35. Rxb2 b4 36. Rd2 a5 37. Rd8+ Kg7 38. Bd5 Rd3 39. Ke2 Rd4 40. Rd7 Kh6 41. Ke3 f5 42. Be6 Rxd7 43. Bxd7 Kg5 44. Kd3 Kf4 45. Kc4 Ke3 46. Kxc5 f4 47. Kb5 f3 48. Kxa5 f2 49. Bb5 g5 50. Kxb4 g4 51. a4 g3 52. Bf1 Kf3 53. a5 g2 54. Bxg2+ Kxg2 55. a6 f1=Q 56. a7 Qf3 0-1


[Site "https://www.chess.com"]

[Event "Titled Tuesday Blitz March 21 Early 2023"]
[White "Le, Tuan Minh"]
[Black "Kukhmazov, Arsen"]
[WhiteFideId "12401153"]
[BlackFideId "24108260"]
[WhiteElo "2558"]
[BlackElo "2378"]
[Result "1-0"]
[Round "03"]
[TimeControl "180+2"]
[Date "2023.03.21"]
[WhiteClock "0:00:42"]
[BlackClock "0:01:49"]

1. d4 d5 2. f3 c6 3. e4 Qb6 4. Nc3 dxe4 5. Bc4 Nf6 6. Bb3 Nbd7 7. Be3 e5 8. Qd2 exd4 9. Bxd4 Bc5 10. Na4 Qb5 11. c4 Qb4 12. Bc3 Ne5 13. Bxe5 Qxd2+ 14. Kxd2 Bb4+ 15. Nc3 Bf5 16. Re1 O-O-O+ 17. Kc1 Rhe8 18. Bxf6 gxf6 19. fxe4 Bxc3 20. bxc3 Bxe4 21. Nf3 f5 22. Bc2 Rg8 23. Re2 1-0


[Site "https://www.chess.com"]